 Dungeon Crawl Stone Soup version 0.28-b1-78-gc65acfa365 (webtiles) character file.

Game seed: 7596926971661597292

7 MacCMillion the Caller (level 1, 0/7 HPs)
             Began as a Felid Summoner on Feb 4, 2022.
             Succumbed to an adder's poison
             ... on level 2 of the Dungeon.
             The game lasted 00:01:36 (370 turns).

MacCMillion the Caller (Felid Summoner)              Turns: 370, Time: 00:01:36

Health: 0/7        AC:  1    Str:  4    XL:     1   Next: 83%
Magic:  0/4        EV: 17    Int: 16    God:
Gold:   9          SH:  0    Dex: 16    Spells: 3/4 levels left
                                        Lives:  0   Deaths: 0

rFire   . . .      SeeInvis +   (weapon unavailable)
rCold   . . .      Faith    .   (shield unavailable)
rNeg    . . .      Spirit   .   (armour unavailable)
rPois   .          Reflect  .   (helmet unavailable)
rElec   .          Harm     .   (cloak unavailable)
rCorr   .          Rampage  .   (gloves unavailable)
Will    .....                   (boots unavailable)
Stlth   ++........              (no amulet)
HPRegen 0.02/turn               (no ring)
MPRegen 0.09/turn               (no ring)

@: lethally poisoned (0 -> -5), quick
A: very small, claws 1, fangs 3, see invisible, speed 1, shaggy fur 1, stealthy
paws, no weapons or thrown items, no armour, multi-lived
a: no special abilities


You were on level 2 of the Dungeon.
You visited 1 branch of the dungeon, and saw 2 of its levels.

You collected 9 gold pieces.

You aren't carrying anything.


   Skills:
 + Level 2.9 Dodging
 + Level 3.0 Stealth
 + Level 2.1 Spellcasting
 + Level 4.1 Summonings


You had 3 spell levels left.
You knew the following spells:

 Your Spells              Type           Power      Damage    Failure   Level
a - Summon Small Mammal   Summ           56%        N/A       3%          1

Your spell library contained the following spells:

 Spells                   Type           Power      Damage    Failure   Level
 Call Imp                 Summ           14%        N/A       6%          2
 Call Canine Familiar     Summ           14%        N/A       12%         3
 Summon Guardian Golem    Hex/Summ       8%         N/A       26%         3
 Summon Lightning Spire   Summ/Air       8%         N/A       65%         4


Dungeon Overview and Level Annotations

Branches:
Dungeon (1/15)

Altars:

Annotations:
D:2 Natasha


Innate Abilities, Weirdness & Mutations

You have sharp claws.
You have razor-sharp teeth.
You have supernaturally acute eyesight. (SInv)
You cover ground quickly. (Speed+)
You are covered in fur. (AC +1)
Your paws help you pounce on unaware monsters.
You are incapable of wielding weapons or throwing items.
You cannot wear armour.
You gain extra lives every three experience levels.


Message History

You start resting.
Your quokka disappears in a puff of smoke!
HP restored.
You now have 9 gold pieces.
An adder and a hobgoblin come into view.
Found 13 gold pieces.
The adder hisses angrily.
The adder bites your bat.
Your bat dies!
Your bat's corpse disappears in a puff of smoke!
Natasha, Servant of Life and Death comes into view.
Your quokka barely misses the adder.
The adder bites your quokka.
Your quokka is poisoned.
The adder poisons your quokka!
The adder bites your quokka but does no damage.
Your quokka bites the adder but does no damage.
The adder bites your quokka.
Your quokka dies!
Your quokka's corpse disappears in a puff of smoke!
Your quokka closely misses the adder.
Your quokka closely misses the adder.
Your bat hits the adder but does no damage.
Natasha barely misses your quokka.
Your bat misses the adder. Your bat hits the adder.
Natasha stares at you and mumbles some strange words.
Your quokka seems to slow down.
Your bat hits the adder. Your bat misses the adder.
Natasha closely misses your quokka.
Your quokka closely misses Natasha.
Your bat misses the adder.
Your bat completely misses the adder.
Your bat closely misses the adder.
The adder bites you.
You are lethally poisoned!
The adder poisons you! The adder bites you.
You swap places.
* * * LOW HITPOINT WARNING * * *
You feel sick. The adder closely misses your rat.
Okay, then.
You aren't carrying any potions.
You die...

.###
##ยง##....#
+....##..#
#h#..#.##
##.#....#
#...####
####..##
#..## ##.#
##..####
####..#
##bS#.##
##.#...#
##.r..#
#.....##
###.##
##....#
#.@###...###
##..#....#
##.....##
#....##
######


You could see Natasha, an adder (ally target), a friendly bat (summoned) and a
friendly rat (summoned).

Vanquished Creatures (collateral kills)
  A dart slug (D:1)
  An endoplasm (D:1)
  A kobold (D:1)
  A quokka (D:2)
4 creatures vanquished.

Notes
Turn   | Place    | Note
-------+----------+-------------------------------------------
     0 | D:1      | MacCMillion the Felid Summoner began the quest for the Orb.
     0 | D:1      | Reached XP level 1. HP: 7/7 MP: 4/4
    89 | D:1      | Found a faded altar of an unknown god.
   127 | D:1      | You fall into a shaft and drop 1 floor!
   356 | D:2      | Noticed Natasha
   370 | D:2      | Succumbed to an adder's poison

Illustrated notes

Levels and vault maps discovered:
D:1:      ncdulo_wetmaze, layout_loops_ring,
          hellmonk_ecumenical_altar_crossroads
D:2:      layout_rooms, basic_altar, minmay_fractal_squares_gapless_5,
          uniq_natasha

Skill      XL: |  1 |
---------------+----+-----
Stealth        | 3 |  3.0
Dodging        | |  2.9
Spellcasting   | |  2.1
Summonings     | |  4.1

Action                   || total
-------------------------++-------
Melee: Unarmed           ||     2
 Cast: Summon Small Mamm ||    13
Dodge: Dodged            ||     2
